 Dungeon Crawl Stone Soup version 0.30.0-17-ge0270778cf (webtiles) character file.

Game seed: 17922829680016317479

69 booth the Chopper (level 4, -6/31 (38) HPs)
             Began as a Gnoll Reaver on May 22, 2023.
             Mangled by Crazy Yiuf
             ... wielding a +2 quarterstaff of chaos
              (10 damage)
             ... on level 2 of the Dungeon.
             The game lasted 00:12:08 (1810 turns).

booth the Chopper (Gnoll Reaver)                    Turns: 1810, Time: 00:12:09

HP:   -6/31 (38)    AC:  5    Str: 14    XL:     4   Next: 20%
MP:   10/11         EV: 12    Int: 12    God:
Gold: 26            SH:  0    Dex: 10    Spells: 7/13 levels left

rFire   . . .        a - +1 hand axe
rCold   . . .        (no shield)
rNeg    . . .        b - +1 leather armour
rPois   .            n - +0 helmet
rElec   .            (no cloak)
rCorr   .            (no gloves)
SInv    .            (no boots)
Will    .....        (no amulet)
Stlth   +            (no ring)
HPRegen 0.25/turn    (no ring)
MPRegen 0.12/turn

%: no passive effects
@: heavily drained
A: fangs 1, strong nose, distributed training
a: no special abilities


You were on level 2 of the Dungeon.
You visited 1 branch of the dungeon, and saw 2 of its levels.

You collected 82 gold pieces.
You spent 56 gold pieces at shops.

Inventory:

Hand Weapons
 a - a +1 hand axe (weapon)
 f - a +0 mace
Missiles
 d - 3 javelins
 e - 6 boomerangs
 g - 5 poisoned darts (quivered)
Armour
 b - a +1 leather armour (worn)
 n - a +0 helmet (worn)
Scrolls
 c - a scroll of fog
 i - a scroll of enchant weapon
 k - 5 scrolls of teleportation
 l - a scroll of acquirement {unknown}
 p - a scroll of magic mapping {unknown}
Potions
 h - a potion of curing
 j - a potion of ambrosia
 m - a potion of invisibility {unknown}
 o - a potion of degeneration {unknown}
 q - a potion of haste {unknown}


   Skills:
 + Level 4.6 Fighting
 + Level 1.1 Short Blades
 + Level 1.1 Long Blades
 + Level 6.6 Axes
 + Level 1.1 Maces & Flails
 + Level 1.1 Polearms
 + Level 1.1 Staves
 + Level 1.1 Ranged Weapons
 + Level 1.1 Throwing
 + Level 1.1 Armour
 + Level 4.6 Dodging
 + Level 1.1 Stealth
 + Level 1.1 Shields
 + Level 1.1 Unarmed Combat
 + Level 5.0 Spellcasting
 + Level 5.4 Conjurations
 + Level 0.8 Hexes
 + Level 0.8 Summonings
 + Level 0.8 Necromancy
 + Level 0.8 Translocations
 + Level 0.8 Transmutations
 + Level 0.8 Fire Magic
 + Level 0.8 Ice Magic
 + Level 0.8 Air Magic
 + Level 0.8 Earth Magic
 + Level 0.8 Poison Magic
 + Level 1.2 Invocations
 + Level 1.1 Evocations


You had 7 spell levels left.
You knew the following spells:

 Your Spells              Type           Power      Damage    Failure   Level
a - Kiss of Death         Conj/Necr      40%        2d8       7%          1
b - Momentum Strike       Conj/Tloc      20%        3d8       10%         2
c - Hailstorm             Conj/Ice       10%        3d5       21%         3

Your spell library contained the following spells:

 Spells                   Type           Power      Damage    Failure   Level


Dungeon Overview and Level Annotations

Branches:
Dungeon (2/15)

Altars:

Shops:
D:2 =!?

Annotations:
D:2 Crazy Yiuf


Innate Abilities, Weirdness & Mutations

You have very sharp teeth.
Your uncanny sense of smell can sniff out nearby items.
Your experience applies equally to all skills.


Message History

You see here a +0 hammer.
You see here a +0 hammer.
You see here a +0 hammer.
You see here a +0 hammer.
Crazy Yiuf shouts!
Crazy Yiuf screams, "Goldfish!"
You see here a +0 hammer.
You open the door.
Casting: Momentum Strike (safe; 10% risk of failure)
Confirm with . or Enter, or press ? or * to list all spells.
Aiming: Kiss of Death (safe; 7% risk of failure)
Press: ? - help, Shift-Dir - straight line, f - Crazy Yiuf
Aim: Crazy Yiuf, wielding a +2 quarterstaff of chaos and wearing a +0 cloak (100% to hit)
The negative energy hits Crazy Yiuf!
Crazy Yiuf is drained!
Crazy Yiuf is heavily wounded.
You feel drained. Crazy Yiuf closely misses you.
You closely miss Crazy Yiuf. Your punch misses Crazy Yiuf.
Your bite misses Crazy Yiuf.
Crazy Yiuf is heavily wounded.
Crazy Yiuf barely misses you.
You barely miss Crazy Yiuf.
Crazy Yiuf is heavily wounded.
Crazy Yiuf closely misses you.
You closely miss Crazy Yiuf. You bite Crazy Yiuf.
Crazy Yiuf is heavily wounded.
Crazy Yiuf hits you with a +2 quarterstaff of chaos!
Crazy Yiuf freezes you.
You hit Crazy Yiuf. Your bite misses Crazy Yiuf.
Crazy Yiuf is severely wounded.
Crazy Yiuf barely misses you.
You hit Crazy Yiuf but do no damage.
Crazy Yiuf is severely wounded.
Crazy Yiuf hits you with a +2 quarterstaff of chaos!
* * * LOW HITPOINT WARNING * * *
Crazy Yiuf freezes you.
* * * LOW HITPOINT WARNING * * *
You hit Crazy Yiuf but do no damage.
Crazy Yiuf is severely wounded.
Crazy Yiuf hits you with a +2 quarterstaff of chaos!
You die...

#)##..........###.#
#[##...............
#.##..........###.#
###########...# #.#
#..## #..
♣♣♣♣♣##.####### ###
♣♣♣)♣).......####
#)))#♣))♣)PP....#.....
#.))g@♣♣♣♣.P....######
#)))#♣♣ ♣♣P...## ###
♣♣#### ## #. #. #. #.
#. ##


You could see Crazy Yiuf (very drained).

Vanquished Creatures
  Robin (D:2)
  2 adders (D:2)
  A dart slug (D:1)
  3 ball pythons (D:2)
  3 endoplasms
  2 giant cockroaches (D:2)
  11 goblins
  6 hobgoblins
  5 bats
  3 frilled lizards (D:1)
  A rat (D:1)
38 creatures vanquished.

Notes
Turn   | Place    | Note
-------+----------+-------------------------------------------
     0 | D:1      | booth the Gnoll Reaver began the quest for the Orb.
     0 | D:1      | Reached XP level 1. HP: 20/20 MP: 6/6
   407 | D:1      | Reached XP level 2. HP: 16/26 MP: 7/7
   410 | D:1      | Learned a level 2 spell: Momentum Strike
  1102 | D:2      | Found a runed translucent door.
  1103 | D:2      | Noticed Crazy Yiuf
  1165 | D:2      | Found Otoyxaap's Jewellery Shoppe.
  1263 | D:2      | Reached skill level 5 in Spellcasting
  1263 | D:2      | Reached XP level 3. HP: 31/31 MP: 7/9
  1266 | D:2      | Noticed Robin
  1278 | D:2      | Reached skill level 1 in Invocations
  1292 | D:2      | Killed Robin
  1293 | D:2      | Reached skill level 1 in Short Blades
  1293 | D:2      | Reached skill level 1 in Long Blades
  1293 | D:2      | Reached skill level 1 in Maces & Flails
  1293 | D:2      | Reached skill level 1 in Polearms
  1293 | D:2      | Reached skill level 1 in Staves
  1293 | D:2      | Reached skill level 1 in Ranged Weapons
  1293 | D:2      | Reached skill level 1 in Throwing
  1293 | D:2      | Reached skill level 1 in Armour
  1293 | D:2      | Reached skill level 1 in Stealth
  1293 | D:2      | Reached skill level 1 in Shields
  1293 | D:2      | Reached skill level 1 in Unarmed Combat
  1293 | D:2      | Reached skill level 1 in Evocations
  1304 | D:2      | Reached XP level 4. HP: 15/35 MP: 11/11
  1308 | D:2      | Learned a level 3 spell: Hailstorm
  1567 | D:2      | Found Omiz's Magic Scroll Emporium.
  1573 | D:2      | Bought a scroll of identify for 28 gold pieces
  1573 | D:2      | Bought a scroll of identify for 28 gold pieces
  1590 | D:2      | Found Iriur's Distillery.
  1810 | D:2      | Mangled by Crazy Yiuf

Illustrated notes

Levels and vault maps discovered:
D:1:      eino_arrival_water_star, layout_loops_corners
D:2:      layout_rooms, serial_glass, glass_columns_a, glass_columns_a,
          glass_columns_a, glass_columns_a, serial_shops,
          nicolae_shop_tiny_real_fake_doors, nicolae_shop_hallway_stairs,
          nicolae_shop_statue_plus, nicolae_concentric_dashed_squares_wild,
          uniq_robin, uniq_crazy_yiuf_cottage

Skill      XL: |  1  2  3 |
---------------+----------+-----
Spellcasting   | 5 |  5.0
Invocations    | 1 |  1.2
Short Blades   | 1 |  1.1
Long Blades    | 1 |  1.1
Maces & Flails | 1 |  1.1
Polearms       | 1 |  1.1
Staves         | 1 |  1.1
Ranged Weapons | 1 |  1.1
Throwing       | 1 |  1.1
Armour         | 1 |  1.1
Stealth        | 1 |  1.1
Shields        | 1 |  1.1
Unarmed Combat | 1 |  1.1
Evocations     | 1 |  1.1
Fighting       | |  4.6
Axes           | |  6.6
Dodging        | |  4.6
Conjurations   | |  5.4
Hexes          | |  0.8
Summonings     | |  0.8
Necromancy     | |  0.8
Translocations | |  0.8
Transmutations | |  0.8
Fire Magic     | |  0.8
Ice Magic      | |  0.8
Air Magic      | |  0.8
Earth Magic    | |  0.8
Poison Magic   | |  0.8

Action                     |  1- 3 |  4- 6 || total
---------------------------+-------+-------++-------
  Melee: Hand axe          |    83 |    19 ||   102
         Bite              |     3 |     2 ||     5
   Cast: Momentum Strike   |     1 |       ||     1
         Kiss of Death     |       |     1 ||     1
    Use: Scroll            |     4 |     3 ||     7
         Potion            |     1 |       ||     1
 Armour: Leather armour    |    30 |     4 ||    34
  Dodge: Dodged            |    50 |    12 ||    62
